 Dungeon Crawl Stone Soup version 0.28.0 (webtiles) character file.

Game seed: 4443977443493050407

48 Minsecho the Cudgeller (level 3, 0/27 HPs)
             Began as a Demonspawn Gladiator on Feb 14, 2022.
             Slain by a worm (8 damage)
             ... on level 2 of the Dungeon.
             The game lasted 00:02:25 (1756 turns).

Minsecho the Cudgeller (Demonspawn Gladiator)       Turns: 1756, Time: 00:02:26

Health: 0/27       AC:  4    Str: 16    XL:     3   Next: 50%
Magic:  3/3        EV: 12    Int:  9    God:
Gold:   147        SH:  0    Dex: 14    Spells: 2/2 levels left

rFire   . . .      SeeInvis .   a - +0 flail
rCold   . . .      Faith    .   (no shield)
rNeg    . . .      Spirit   .   b - +0 leather armour
rPois   .          Reflect  .   c - +0 helmet
rElec   .          Harm     .   (no cloak)
rCorr   .          Rampage  .   (no gloves)
Will    .....                   (no boots)
Stlth   +.........              (no amulet)
HPRegen 0.09/turn               (no ring)
MPRegen 0.08/turn               (no ring)

@: no status effects
A: powered by death 1
a: no special abilities


You were on level 2 of the Dungeon.
You visited 1 branch of the dungeon, and saw 2 of its levels.

You collected 147 gold pieces.

Inventory:

Hand Weapons
 a - a +0 flail (weapon)
Missiles
 d - 3 throwing nets (quivered)
Armour
 b - a +0 leather armour (worn)
 c - a +0 helmet (worn)
 f - a +0 chain mail of cold resistance
Scrolls
 e - a scroll of fog {unknown}
 h - 4 scrolls of identify {unknown}
 j - a scroll of magic mapping {unknown}
 l - a scroll of vulnerability {unknown}
 m - a scroll of enchant weapon {unknown}
Potions
 g - a potion of curing
 i - a potion of might {unknown}
 k - a potion of ambrosia {unknown}
 n - a potion of lignification {unknown}


   Skills:
 + Level 2.2 Fighting
 + Level 3.2 Maces & Flails
 + Level 2.0 Throwing
 + Level 0.7 Armour
 + Level 3.0 Dodging
 + Level 0.8 Stealth


You had 2 spell levels left.
You didn't know any spells.
Your spell library contained the following spells:

 Spells                   Type           Power      Damage    Failure   Level
 Sublimation of Blood     Necr           0%         N/A       58%         2
 Wereblood                Tmut           0%         N/A       58%         2
 Summon Hydra             Summ           0%         N/A       100%        7


Dungeon Overview and Level Annotations

Branches:
Dungeon (2/15)

Altars:

Shops:
D:1 *


Innate Abilities, Weirdness & Mutations

You regenerate a little health from kills.


Message History

The hobgoblin is moderately wounded.
The hobgoblin misses you.
You hit the hobgoblin.
You kill the hobgoblin!
No target in view!
No target in view!
No target in view!
No target in view!
No target in view!
No target in view!
No target in view!
You now have 147 gold pieces (gained 10).
You open the door.
Found a stone staircase leading down.
There is an open door here.
There is a stone staircase leading down here.
n - a smoky blue potion You open the door.
There is an open door here.
Found a stone staircase leading up.
There is a stone staircase leading up here.
A worm comes into view.
A worm is nearby!
The worm bites you.
You hit the worm.
The worm is lightly wounded.
The worm bites you!
You are too injured to fight recklessly!
You are too injured to fight recklessly!
You are too injured to fight recklessly!
You thump the worm!
The worm is heavily wounded.
You sock the worm!
The worm is almost dead.
The worm bites you.
* * * LOW HITPOINT WARNING * * *
You hit the worm but do no damage.
The worm is almost dead.
The worm bites you!
You die...

###############################
...............................
###.....#####################..
..........###########..........
....................#..........
.....####.....@w# #............
...............................
####.####.........#............
#.......#+#............
#.####.....................#
######.##.......................#
#......##...(.........#+#.......#
+...................#.#.........#
#.................<...#.........#


You could see a worm.

Vanquished Creatures
  An adder (D:2)
  A worm (D:2)
  3 giant cockroaches
  3 goblins
  4 hobgoblins
  5 jackals
  3 kobolds
  A quokka (D:1)
  5 ball pythons
  4 bats
  A frilled lizard (D:1)
  2 rats
33 creatures vanquished.

Notes
Turn   | Place    | Note
-------+----------+-------------------------------------------
     0 | D:1      | Minsecho the Demonspawn Gladiator began the quest for the
                  | Orb.
     0 | D:1      | Reached XP level 1. HP: 16/16 MP: 1/1
   252 | D:1      | Found Cafre's General Store.
   427 | D:1      | Gained mutation: You regenerate a little health from kills.
                  | [demonic ancestry]
   427 | D:1      | Reached XP level 2. HP: 14/22 MP: 2/2
   618 | D:1      | Found a faded altar of an unknown god.
  1102 | D:2      | Reached XP level 3. HP: 5/27 MP: 3/3
  1756 | D:2      | Slain by a worm

Illustrated notes

Levels and vault maps discovered:
D:1:      dpeg_arrival_solitude, layout_basic,
          dreamdust_ecumenical_altar_statues, serial_shops, shop,
          chequers_serial_rivers_small_a, minmay_tetromino_o2
D:2:      layout_basic, dk_noncrumbling_3

Skill      XL: |  1  2 |
---------------+-------+-----
Dodging        | 3 |  3.0
Throwing       | 2 |  2.0
Maces & Flails | 3 |  3.2
Fighting       | |  2.2
Armour         | |  0.7
Stealth        | |  0.8

Action                   || total
-------------------------++-------
Melee: Flail             ||   135
       Punch             ||     2
  Use: Potion            ||     1
Armor: Leather armour    ||    58
Dodge: Dodged            ||   132
